 Dungeon Crawl Stone Soup version 0.23-b1-51-gfe822ef6ca (webtiles) character file.

Game seed: 5779746255179657306

979 Forgol the Bolt Thrower (level 7, 0/61 HPs)
             Began as a Minotaur Hunter on Feb 4, 2019.
             Slain by Duvessa
             ... wielding a +0 rapier
              (15 damage)
             ... on level 5 of the Dungeon.
             The game lasted 00:09:22 (3814 turns).

Forgol the Bolt Thrower (Minotaur Hunter)           Turns: 3814, Time: 00:09:22

Health: 0/61       AC:  9    Str: 19    XL:     7   Next: 96%
Magic:  6/6        EV:  9    Int:  8    God:
Gold:   179        SH:  0    Dex: 10    Spells: 6/6 levels left

rFire    + . .     SeeInvis .   s - +3 halberd
rCold    . . .     Gourm    .   (shield currently unavailable)
rNeg     . . .     Faith    .   j - +0 chain mail
rPois    .         Spirit   .   (helmet restricted)
rElec    .         Reflect  .   (no cloak)
rCorr    .         Harm     .   (no gloves)
MR       .....                  (no boots)
Stlth    ..........             (no amulet)
HPRegen  0.60/turn              u - +3 ring of slaying
MPRegen  0.10/turn              (no ring)

@: no status effects
A: retaliatory headbutt, horns 2, fire resistance 1, regeneration 1
a: no special abilities


You were on level 5 of the Dungeon.
You were hungry.

You visited 1 branch of the dungeon, and saw 5 of its levels.

You collected 179 gold pieces.

Inventory:

Hand Weapons
 a - a +1 hand crossbow
 b - a +0 short sword
 n - a +0 flail
 s - a +3 halberd (weapon)
Missiles
 d - 8 bolts
Armour
 c - a +0 leather armour
 j - a +0 chain mail (worn)
 r - a +0 leather armour
Jewellery
 u - a +3 ring of slaying (left hand)
Scrolls
 e - a scroll of fear
 k - 4 scrolls of remove curse
 m - 2 scrolls of teleportation
Potions
 o - a potion of haste
 t - 2 potions of brilliance {unknown}
Comestibles
 f - 8 rations


   Skills:
 + Level 5.4 Fighting
 + Level 1.0 Polearms
 * Level 7.8 Crossbows
 + Level 4.4 Armour
 + Level 4.8 Dodging
 - Level 0.7 Stealth


You had 6 spell levels left.
You didn't know any spells.
Your spell library was empty.

Dungeon Overview and Level Annotations

Branches:
Dungeon (5/15)
 Temple: D:4-7

Altars:
Gozag
Qazlal
Trog
The Shining One

Shops:
D:2 *

Annotations:
D:5 Duvessa


Innate Abilities, Weirdness & Mutations

You reflexively headbutt those who attack you in melee.
You have a pair of horns on your head.
Your flesh is heat resistant. (rF+)
Your natural rate of healing is unusually fast.


Message History

Duvessa is heavily wounded.
Duvessa hits you with a +0 rapier!
* * * LOW HITPOINT WARNING * * *
Duvessa closely misses you.
You barely miss Duvessa. Your headbutt misses Duvessa.
Duvessa is heavily wounded.
Duvessa hits you with a +0 rapier.
* * * LOW HITPOINT WARNING * * *
Duvessa barely misses you.
Your chain mail prevents you from hitting Duvessa.
You headbutt Duvessa.
Duvessa is severely wounded.
Duvessa hits you with a +0 rapier!
* * * LOW HITPOINT WARNING * * *
Duvessa barely misses you.
You feel better. Duvessa hits you but does no damage.
You hit Duvessa.
Duvessa is severely wounded.
Duvessa hits you with a +0 rapier!
You die...

#.### ...
########.### ... ##
####...........
......
#.....#####'###
...#.
#............# ...
#.##.........##
#.#######........##
#..)..............+
#.@################
#e.# # ....# #
####/# # ... # ...
# ... #....


You could see Duvessa (berserk).

Vanquished Creatures
  Sigmund (D:4)
  Menkaure (D:4)
  A sky beast (D:4)
  An orc warrior (D:4)
  3 scorpions
  Dowan (D:5)
  A jelly (D:5)
  An orc wizard (D:3)
  A worker ant (D:4)
  Robin (D:4)
  6 gnolls
  5 adders
  A shadow imp (D:5)
  3 oozes
  2 worms
  2 dart slugs
  5 leopard geckos
  5 orcs
  7 giant cockroaches
  10 hobgoblins
  6 jackals (D:3)
  7 kobolds
  5 quokkas
  7 bats
  8 frilled lizards
  20 goblins
  A jackal skeleton (D:4)
  A quokka skeleton (D:4)
  8 rats
121 creatures vanquished.

Notes
Turn   | Place    | Note
-------+----------+-------------------------------------------
     0 | D:1      | Forgol the Minotaur Hunter began the quest for the Orb.
     0 | D:1      | Reached XP level 1. HP: 18/18 MP: 0/0
   193 | D:1      | Reached XP level 2. HP: 25/25 MP: 1/1
   353 | D:1      | Reached skill level 1 in Armour
   865 | D:2      | Reached XP level 3. HP: 30/30 MP: 2/2
   880 | D:2      | Found an opulent altar of Gozag.
   884 | D:2      | Found Gozag's Platinum Reserve.
   926 | D:2      | Reached skill level 5 in Crossbows
  1214 | D:2      | Reached XP level 4. HP: 37/38 MP: 3/3
  1805 | D:2      | Found a stormy altar of Qazlal.
  1954 | D:2      | Reached XP level 5. HP: 44/45 MP: 4/4
  2518 | D:3      | Found a bloodstained altar of Trog.
  2647 | D:3      | Reached skill level 6 in Crossbows
  2809 | D:3      | Gained mutation: Your flesh is heat resistant. (rF+)
                  | [potion of mutation]
  2809 | D:3      | Gained mutation: Your natural rate of healing is unusually
                  | fast. [potion of mutation]
  2856 | D:4      | Noticed an orc warrior
  2873 | D:4      | Killed an orc warrior
  2873 | D:4      | Reached XP level 6. HP: 50/52 MP: 5/5
  2888 | D:4      | Noticed a sky beast
  2902 | D:4      | Killed a sky beast
  2944 | D:4      | Noticed Menkaure
  2953 | D:4      | Killed Menkaure
  2953 | D:4      | Reached skill level 7 in Crossbows
  2953 | D:4      | Reached XP level 7. HP: 20/60 MP: 6/6
  3295 | D:4      | Noticed Sigmund
  3304 | D:4      | Killed Sigmund
  3304 | D:4      | Reached skill level 5 in Fighting
  3394 | D:4      | Noticed Robin
  3403 | D:4      | Killed Robin
  3461 | D:4      | Found a glowing golden altar of the Shining One.
  3726 | D:5      | Entered Level 5 of the Dungeon
  3781 | D:5      | Noticed Dowan
  3804 | D:5      | Killed Dowan
  3804 | D:5      | Reached skill level 1 in Polearms
  3805 | D:5      | Noticed Duvessa
  3814 | D:5      | Slain by Duvessa

Skill      XL: |  1  2  3  4  5  6  7 |
---------------+----------------------+-----
Armour         | 1 2 3 4 |  4.4
Fighting       | 3 4 5 |  5.4
Crossbows      | 5 6 7 |  7.8
Dodging        | 3 4 |  4.8
Polearms       | 1 |  1.0
Stealth        | |  0.7

Action                   |  1- 3 |  4- 6 |  7- 9 || total
-------------------------+-------+-------+-------++-------
Melee: Short sword       |    12 |   144 |       ||   156
       Headbutt          |       |    20 |    15 ||    35
       Flail             |       |    12 |    26 ||    38
       Halberd           |       |       |    76 ||    76
 Fire: Hand crossbow     |    60 |    25 |       ||    85
  Use: Scroll            |       |     5 |     5 ||    10
       Potion            |       |     1 |     1 ||     2
  Eat: Chunk             |     1 |     6 |     2 ||     9
Armor: Chain mail        |    21 |    91 |    84 ||   196
       Leather armour    |     1 |     2 |       ||     3
Dodge: Dodged            |    22 |    84 |    59 ||   165
